 Dungeon Crawl Stone Soup version 0.31.0-4-g52a2dc7128 (webtiles) character file.

Game seed: 9088929514975323767

117 Bronimir the Slasher (level 4, 0/41 HPs)
             Began as a Minotaur Monk on Jan 21, 2024.
             Succumbed to an orc's poison
             ... on level 3 of the Dungeon.
             The game lasted 00:04:38 (1856 turns).

Bronimir the Slasher (Minotaur Monk)                Turns: 1856, Time: 00:04:38

Health: 0/41       AC:  6    Str: 18    XL:     4   Next: 71%
Magic:  3/3        EV: 11    Int:  7    God:
Gold:   156        SH:  0    Dex: 12    Spells: 3/3 levels left

rFire   . . .        a - +0 falchion
rCold   . . .        d - orb {light}
rNeg    . . .        j - +1 ring mail
rPois   .            (helmet restricted)
rElec   .            (no cloak)
rCorr   .            (no gloves)
SInv    .            (no boots)
Will    .....        (no amulet)
Stlth   +            (no ring)
HPRegen 0.26/turn    (no ring)
MPRegen 0.08/turn

%: no passive effects
@: lethally poisoned (0 -> -5), on berserk cooldown, slowed, glowing, very slow
A: horns 2, retaliatory headbutt
a: no special abilities


You were on level 3 of the Dungeon.
You visited 1 branch of the dungeon, and saw 3 of its levels.

You collected 156 gold pieces.

Inventory:

Hand Weapons
 a - a +0 falchion (weapon)
Armour
 b - a +0 robe
 d - an orb of light (worn)
 j - a +1 ring mail (worn)
 l - a +1 robe of willpower
Magical Staves
 m - a staff of alchemy
Scrolls
 e - a scroll of teleportation
Potions
 c - a potion of ambrosia
 f - a potion of resistance {unknown}
 h - 2 potions of haste {unknown}
 i - a potion of enlightenment {unknown}
 k - a potion of degeneration {unknown}


   Skills:
 * Level 4.7 Fighting
 * Level 5.1 Long Blades
 * Level 1.9 Armour
 + Level 3.6 Dodging
 + Level 0.2 Stealth


You had 3 spell levels left.
You didn't know any spells.
Your spell library was empty.

Dungeon Overview and Level Annotations

Branches:
Dungeon (3/15)

Altars:


Innate Abilities, Weirdness & Mutations

You have a pair of horns on your head.
You reflexively headbutt those who attack you in melee.


Message History

You slash the orc!
You kill the orc!
The orc barely misses you.
You barely miss the orc. Your headbutt misses the orc.
You feel sick.
You hit the orc.
The orc is severely wounded.
You feel sick.
The orc hits you from afar with a +2 trident of venom.
* * * LOW HITPOINT WARNING * * *
The orc barely misses you.
You slash the orc!
You kill the orc!
The orc throws a boomerang.
The boomerang closely misses you.
You barely miss the goblin. Your headbutt misses the goblin.
You feel sick.
You are no longer poisoned.
You slash the goblin!
You kill the goblin!
The orc hits you from afar with a +2 trident of venom.
* * * LOW HITPOINT WARNING * * *
You are lethally poisoned!
* * * LOW HITPOINT WARNING * * *
You feel sick. The orc barely misses you.
Items here: ))))) [ ††.
You slash the orc!
You kill the orc!
* * * LOW HITPOINT WARNING * * *
You feel sick.
* * * LOW HITPOINT WARNING * * *
You feel sick.
Things that are here:
a +2 trident of venom; 3 boomerangs
There is a lethal amount of poison in your body!
There is a lethal amount of poison in your body!
There is a lethal amount of poison in your body!
You are too berserk!
You feel a strong urge to attack something.
You are no longer berserk.
You are exhausted.
You feel yourself slow down.
You die...

. # #. #. #.#.
.... #..#
##...## #
#....)####.#.#
#.....@.<....#
#.....##.#...#
##...###?#
#.... #.## #.#
##. #. #.# #
... ..# ###


There were no monsters in sight!

Vanquished Creatures
  An orc priest (D:3)
  3 adders (D:2)
  A dart slug (D:1)
  A ribbon worm (D:2)
  5 orcs
  6 ball pythons
  3 endoplasms
  A giant cockroach (D:1)
  5 hobgoblins
  3 jackals (D:2)
  2 quokkas (D:1)
  5 bats
  A frilled lizard (D:1)
  4 goblins
  5 kobolds
  2 rats
48 creatures vanquished.

Notes
Turn   | Place    | Note
-------+----------+-------------------------------------------
     0 | D:1      | Bronimir the Minotaur Monk began the quest for the Orb.
     0 | D:1      | Reached XP level 1. HP: 19/19 MP: 0/0
   125 | D:1      | Reached skill level 4 in Long Blades
   125 | D:1      | Reached XP level 2. HP: 27/27 MP: 1/1
   294 | D:1      | Found a faded altar of an unknown god.
  1085 | D:2      | Reached XP level 3. HP: 31/33 MP: 2/2
  1193 | D:2      | Reached skill level 1 in Armour
  1506 | D:2      | Reached XP level 4. HP: 35/41 MP: 3/3
  1844 | D:3      | Reached skill level 5 in Long Blades
  1853 | D:3      | HP: 3/61 [poisoned by an orc]
  1855 | D:3      | HP: 1/61 [poisoned by an orc]
  1856 | D:3      | Succumbed to an orc's poison

Illustrated notes

Levels and vault maps discovered:
D:1:      dpeg_arrival_tiny_a, layout_basic,
          hellmonk_ecumenical_altar_pennies_from_heaven, solitary_fountain,
          chequers_serial_rivers_micro_d
D:2:      layout_loops_cross, minmay_misc_feat_iff, minmay_pentomino_z2
D:3:      layout_loops_ring, grunt_temple_overflow_order_and_chaos_2

Skill      XL: |  1  2  3  4 |
---------------+-------------+-----
Long Blades    | 4 5 |  5.1
Fighting       | 4 |  4.7
Armour         | 1 |  1.9
Dodging        | |  3.6
Stealth        | |  0.2

Action                     |  1- 3 |  4- 6 || total
---------------------------+-------+-------++-------
  Melee: Falchion          |    87 |    16 ||   103
         Headbutt          |    17 |     4 ||    21
    Use: Scroll            |     4 |       ||     4
         Potion            |       |     1 ||     1
 Armour: Robe              |     9 |       ||     9
         Ring mail         |    49 |     8 ||    57
  Dodge: Dodged            |    61 |     6 ||    67
